 Dungeon Crawl Stone Soup version 0.24-a0-613-g1ff6aac338 (webtiles) character file.

Game seed: 9127021947811229628, levelgen mode: deterministic

271418 Peloso the Hoplite (level 19, 0/182 HPs)
             Began as a Minotaur Fighter on Sept 11, 2019.
             Was the Champion of Okawaru.
             Blown up by an orb spider (42 damage)
             ... with an orb of destruction
             ... on level 4 of the Spider Nest.
             The game lasted 02:35:39 (48139 turns).

Peloso the Hoplite (Minotaur Fighter)              Turns: 48139, Time: 02:35:39

Health: 0/182      AC: 40    Str: 28    XL:     19   Next: 83%
Magic:  19/19      EV:  8    Int:  7    God:    Okawaru [******]
Gold:   3677       SH: 24    Dex: 16    Spells: 18/18 levels left

rFire    + + .     SeeInvis +   a - +8 double sword (slice)
rCold    + + .     Gourm    .   c - +2 shield of Resistance {rF+ rC+ MR+}
rNeg     + . .     Faith    .   o - +9 scales of the Dragon King {rPois rF+ rC+ MR+}
rPois    +         Spirit   .   G - +3 crown of Dyrovepreva {rElec Int+2 SInv}
rElec    +         Reflect  +   V - +2 cloak {MR+}
rCorr    +         Harm     .   X - +1 pair of gloves {Dex+3}
MR       ++++.                  (no boots)
Stlth    ..........             N - +3 amulet of reflection
HPRegen  0.40/turn              u - ring "Eggioles" {rN+ Str+2 SInv}
MPRegen  0.16/turn              R - ring of the Enemy {rPois rCorr SInv}

@: studying Staves
A: retaliatory headbutt, horns 2
}: 1/15 runes: decaying
a: Heroism, Finesse, Renounce Religion


You were on level 4 of the Spider Nest.
You worshipped Okawaru.
Okawaru was exalted by your worship.
You were hungry.

You visited 7 branches of the dungeon, and saw 35 of its levels.
You also visited: Bailey.

You collected 4949 gold pieces.
You spent 1272 gold pieces at shops.

Inventory:

Hand Weapons
 a - a +8 double sword of slicing (weapon)
 b - the +10 zealot's sword {holy, *Rage rN+ EV+3}
   (You found it on level 8 of the Dungeon)

   It has been blessed by the Shining One to cause great damage to the undead
   and demons.
   It affects your evasion (+3).
   It protects you from negative energy.
   It may make you go berserk in combat.
 y - a +3 scimitar of flaming
Armour
 c - the +2 shield of Resistance (worn) {rF+ rC+ MR+}
   (You found it on level 2 of the Spider Nest)

   It protects you from fire.
   It protects you from cold.
   It affects your resistance to hostile enchantments.
 i - the +7 plate armour of the Hurricane {Regen+ rCorr SInv Stlth-}
   (Okawaru gifted it to you on level 3 of the Swamp)

   It lets you see invisible.
   It increases your rate of regeneration.
   It provides partial protection from all sources of acid and corrosion.
   It makes you less stealthy.
 o - the +9 scales of the Dragon King (worn) {rPois rF+ rC+ MR+}
   (You found it on level 5 of the Dungeon)

   It protects you from fire.
   It protects you from cold.
   It protects you from poison.
   It affects your resistance to hostile enchantments.
 B - a +2 hat of magic resistance
 G - the +3 crown of Dyrovepreva (worn) {rElec Int+2 SInv}
   (You found it on level 1 of the Spider Nest)

   It affects your intelligence (+2).
   It insulates you from electricity.
   It lets you see invisible.
 V - a +2 cloak of magic resistance (worn)
 X - a +1 pair of gloves of dexterity (worn)
Jewellery
 t - an uncursed amulet of the acrobat
 u - the ring "Eggioles" (left hand) {rN+ Str+2 SInv}
   (You found it on level 10 of the Dungeon)

   [ring of see invisible]

   It affects your strength (+2).
   It protects you from negative energy.
   It lets you see invisible.
 C - an uncursed ring of wizardry
 F - an uncursed amulet of faith
 H - an uncursed ring of fire
 N - a +3 amulet of reflection (around neck)
 R - the ring of the Enemy (right hand) {rPois rCorr SInv}
   (You took it off a vampire on level 10 of the Dungeon)

   [ring of resist corrosion]

   It protects you from poison.
   It lets you see invisible.
   It provides partial protection from all sources of acid and corrosion.
 W - an uncursed ring of flight
Wands
 n - a wand of iceblast (13)
Scrolls
 e - 6 scrolls of teleportation
 j - 19 scrolls of remove curse
 k - 2 scrolls of brand weapon
 l - 14 scrolls of identify
 m - 3 scrolls of blinking
 p - 2 scrolls of amnesia
 q - 6 scrolls of magic mapping
 x - 10 scrolls of fear
 D - 2 scrolls of enchant armour
Potions
 h - 3 potions of agility
 r - 6 potions of might
 s - 2 potions of mutation
 v - 2 potions of magic
 w - 6 potions of haste
 z - 5 potions of flight
 A - 10 potions of curing
 E - 4 potions of invisibility
 S - 7 potions of heal wounds
 U - a potion of resistance
 Y - 2 potions of berserk rage
Books
 g - a manual of Staves
Miscellaneous
 d - a phial of floods
 I - 3 sacks of spiders
 O - 2 phantom mirrors
Comestibles
 f - 46 rations


   Skills:
 + Level 19.0 Fighting
 + Level 19.5 Long Blades
 + Level 17.6 Armour
 + Level 3.1 Dodging
 + Level 2.9 Stealth
 + Level 24.7 Shields
 + Level 2.0 Invocations
 + Level 1.1 Evocations


You had 18 spell levels left.
You didn't know any spells.
Your spell library contained the following spells:

 Spells                   Type           Power        Failure   Level  Hunger
 Confusing Touch          Hex            #.....       100%        1    ##.....
 Corona                   Hex            #......      100%        1    ##.....
 Infusion                 Chrm           #...         100%        1    ##.....
 Sandblast                Erth           #.....       100%        1    ##.....
 Summon Butterflies       Summ           #.......     100%        1    ##.....
 Summon Small Mammal      Summ           #...         100%        1    ##.....
 Call Imp                 Summ           #.......     100%        2    ###....
 Corpse Rot               Necr           N/A          100%        2    ###....
 Ensorcelled Hibernation  Hex/Ice        #.....       100%        2    ###....
 Passwall                 Tmut/Erth      #.......     100%        2    ###....
 Poisonous Vapours        Pois/Air       #.....       100%        2    ###....
 Shroud of Golubria       Chrm/Tloc      #.....       100%        2    ###....
 Song of Slaying          Chrm           #.......     100%        2    ###....
 Sticks to Snakes         Tmut           #.......     100%        2    ###....
 Sublimation of Blood     Necr           #.........   100%        2    ###....
 Throw Flame              Conj/Fire      #.....       100%        2    ###....
 Call Canine Familiar     Summ           #.......     100%        3    ####...
 Confuse                  Hex            #.......     100%        3    ####...
 Dazzling Spray           Conj/Hex       #.....       100%        3    ####...
 Gell's Gravitas          Tloc           #.........   100%        3    ####...
 Ignite Poison            Fire/Tmut/Pois #.......     100%        3    ####...
 Regeneration             Chrm/Necr      #.........   100%        3    ####...
 Spectral Weapon          Hex/Chrm       #.......     100%        3    ####...
 Static Discharge         Conj/Air       #.......     100%        3    ####...
 Stone Arrow              Conj/Erth      #.....       100%        3    ####...
 Summon Guardian Golem    Hex/Summ       #.......     100%        3    ####...
 Tukima's Dance           Hex            #.......     100%        3    ####...
 Ice Form                 Ice/Tmut       #.......     100%        4    #####..
 Petrify                  Tmut/Erth      #.......     100%        4    #####..
 Summon Ice Beast         Ice/Summ       #.......     100%        4    #####..
 Summon Lightning Spire   Summ/Air       #.......     100%        4    #####..
 Agony                    Necr           #.......     100%        5    ######.
 Bolt of Draining         Conj/Necr      #.........   100%        5    ######.
 Dispel Undead            Necr           #.......     100%        5    ######.
 Excruciating Wounds      Chrm/Necr      #.........   100%        5    ######.
 Fireball                 Conj/Fire      #.........   100%        5    ######.
 Lee's Rapid Deconstruct  Erth           #.........   100%        5    ######.
 Lightning Bolt           Conj/Air       #.........   100%        5    ######.
 Metabolic Englaciation   Hex/Ice        #.........   100%        5    ######.
 Summon Forest            Summ/Tloc      #.........   100%        5    ######.
 Summon Mana Viper        Hex/Summ       #.......     100%        5    ######.
 Yara's Violent Unravell  Hex/Tmut       #.........   100%        5    ######.
 Bolt of Fire             Conj/Fire      #.........   100%        6    #######
 Shadow Creatures         Summ           N/A          100%        6    #######
 Ring of Flames           Chrm/Fire      #.........   100%        7    #######
 Spellforged Servitor     Conj/Summ      #.........   100%        7    #######
 Ignition                 Fire           #.........   100%        8    #######
 Shatter                  Erth           #.........   100%        9    #######
 Tornado                  Air            #.........   100%        9    #######


Dungeon Overview and Level Annotations

Branches:
Dungeon (15/15)            Temple (1/1) D:4            Lair (6/6) D:11
  Swamp (4/4) Lair:2       Spider (4/4) Lair:4        Slime (0/5) Lair:6
    Orc (2/2) D:10            Elf (3/3) Orc:2        Vaults (0/5) D:14
 Depths (0/5) D:15         Bailey (visited)

Altars:
Ashenzari
Cheibriados
Dithmenos
Elyvilon
Fedhas
Gozag
Hepliaklqana
Kikubaaqudgha
Makhleb
Nemelex Xobeh
Okawaru
Qazlal
Ru
Sif Muna
Trog
Uskayaw
Vehumet
Wu Jian
Xom
Yredelemnul
Zin
The Shining One
Jiyva

Shops:
D:6 (   D:10 [[(((   Orc:2 :*[(:   Elf:1 [   Elf:2 (

Annotations:
D:10 exclusion: orange crystal statue


Innate Abilities, Weirdness & Mutations

You reflexively headbutt those who attack you in melee.
You have a pair of horns on your head.


Message History

An orb of destruction comes into view.
The orb of destruction reflects off an invisible shield around you!
The orb spider begins to weave its threads into a brightly glowing ball.
The orb of destruction reflects off an invisible shield around you!
The orb spider weaves a glowing orb of energy.
An orb of destruction comes into view.
The orb fizzles.
The orb spider weaves a glowing orb of energy. x2
The orb fizzles. x2
The orb spider spins a strand of pure energy.
The orb spider pulsates with a strange energy. x2
The orb spider weaves a glowing orb of energy. x2 2 orbs of destruction come into view.
The orb of destruction hits a rock wall.
There is a stone staircase leading up, spattered with blood here.
The orb of destruction reflects off an invisible shield around you!
The orb spider weaves a glowing orb of energy.
The orbs collide in a blinding explosion!
The orb of destruction hits you!!!
You die...

s○...^^# #.......##....
.s°....### #.............
..s..#°.^# ##.............
#s.^...# ###^.............
##...^.# #................
#....#.# #..).#......^....
##H....# ##..........^.^...
####.....# #^.....#..........
.^..s...## ###@................
##.°s....#####.^☼................
##ssy...#..#.^.☼☼................
###sy..##^...#°☼^...............^
..†s..^#...*○s○........#^........
...s#####^s○.○○.....<..(.........
.s### ##^..○○....^..............
ss## ##...s○....................
†#°####.....°..........#.....#.^.


You could see 3 orb spiders.

Vanquished Creatures
  Nikola (Elf:1)
  A bone dragon (Swamp:4)
  Jorgrun (Spider:3)
  2 deep elf blademasters (Elf:3)
  Asterion (Spider:4)
  A deep elf master archer (Elf:2)
  A thorn hunter (Swamp:3)
  A tengu reaver (D:13)
  Kirke (D:13)
  A fire giant (D:13)
  An orc warlord (Orc:1)
  2 frost giants (D:13)
  2 emperor scorpions
  4 deep elf sorcerers (Elf:3)
  5 deep elf elementalists
  Aizul (Elf:1)
  3 entropy weavers
  2 green draconians (Swamp:2)
  6 deep elf demonologists
  Azrael (D:13)
  6 deep elf annihilators
  A spark wasp (Spider:4)
  A dire elephant (Lair:6)
  Fannar (Lair:1)
  7 deep elf death magi
  3 deep elf high priests
  The ghost of Mame the Geomancer, a journeyman GrEE of Vehumet (Orc:2)
  A rakshasa (D:15)
  2 vault guards (D:14)
  A shambling mangrove (Swamp:2)
  A great orb of eyes (D:13)
  3 ghost crabs (Swamp:4)
  4 catoblepae
  4 centaur warriors
  10 hydras
  9 two-headed ogres
  13 alligators
  3 tengu warriors
  27 dancing weapons
  4 death yaks
  An ogre mage (D:15)
  6 orc high priests
  18 deep elf knights
  Sonja (Lair:1)
  A death drake (shapeshifter) (Elf:3)
  4 unseen horrors
  2 glowing orange brains (D:15)
  5 spriggan druids
  2 spectral hydras (Swamp:4)
  8 swamp dragons
  13 deep elf archers
  Pikel (D:5)
  A phantasmal warrior (Swamp:4)
  A wolf spider zombie (D:13)
  16 ugly things
  A mana viper (shapeshifter) (D:15)
  5 oklob plants
  5 orc knights
  A harpy (shapeshifter) (D:15)
  31 wolf spiders
  40 deep elf magi
  4 orc sorcerers (Orc:2)
  5 manticores
  5 cyclopes
  13 orb spiders
  A moth of wrath (Spider:1)
  19 elephants
  Maurice (Orc:2)
  2 torpor snails
  7 black mambas
  3 gargoyles
  A spiny frog (shapeshifter) (D:15)
  5 kobold demonologists
  6 swamp worm zombies (Swamp:4)
  26 spiny frogs
  A komodo dragon (shapeshifter) (D:15)
  2 freezing wraiths
  11 demonic crawlers
  A rime drake (Lair:6)
  4 hydra zombies (Swamp:4)
  6 tengu conjurers
  8 komodo dragons
  6 polar bears
  7 trolls
  29 jumping spiders
  6 meliai
  14 hornets
  3 wolf spider simulacra (D:15)
  9 blink frogs
  10 bog bodies
  3 spectral swamp dragons (Swamp:4)
  24 slime creatures
  10 tyrant leeches
  14 hippogriffs
  A raiju (shapeshifter) (D:15)
  3 alligator zombies (Swamp:4)
  3 dream sheep (Lair:6)
  2 vampires
  5 centaur simulacra (D:15)
  A spriggan (shapeshifter) (Elf:1)
  65 redbacks
  20 yaks
  10 spriggans
  4 air elementals
  7 water elementals
  21 tarantellas
  3 shadows
  3 wraiths
  5 wyverns
  7 fire elementals
  4 basilisks
  Grum (D:9)
  10 humans (D:14)
  3 hungry ghosts
  34 vampire mosquitoes
  3 hogs (D:13)
  19 swamp worms
  3 wargs
  2 acid dragons
  9 insubstantial wisps
  5 hell hounds (D:13)
  16 porcupines
  7 swamp drakes
  12 water moccasins
  30 orc warriors
  8 ice beasts
  3 sky beasts
  3 swamp dragon zombies (Swamp:4)
  5 black bears
  An eye of draining (D:9)
  2 hornet zombies
  14 wolves
  8 phantoms
  16 ogres
  2 necrophages
  23 centaurs
  18 crocodiles
  16 bullfrogs
  9 gnoll sergeants
  7 big kobolds
  5 earth elementals
  9 scorpions
  9 killer bees
  7 electric eels
  5 wights (D:11)
  8 crimson imps
  5 howler monkeys
  5 centaur zombies
  2 quasits
  9 hounds
  3 centaur skeletons
  20 orc priests
  2 bullfrog skeletons
  6 gnoll shamans (Bailey)
  5 jellies
  5 iguanas
  36 orc wizards
  9 worker ants
  A statue (D:9)
  3 hound zombies
  A hound skeleton (D:9)
  A worker ant zombie (D:11)
  A howler monkey skeleton (D:11)
  A howler monkey zombie (D:2)
  20 adders
  3 swamp drake zombies (Swamp:4)
  21 gnolls
  5 shadow imps
  3 white imps (D:15)
  2 ufetubi (D:15)
  16 oozes (D:7)
  An adder zombie (D:10)
  2 adder skeletons
  3 worms
  A dart slug (D:1)
  3 leopard geckos
  73 orcs
  A ball python (D:5)
  11 giant cockroaches
  5 goblins
  7 hobgoblins
  10 jackals
  12 bats
  5 frilled lizards
  A giant cockroach zombie (D:6)
  35 kobolds
  A quokka zombie (D:9)
  4 rats
  A briar patch (Swamp:4)
  5 bushes
  2 crawling corpses (Elf:3)
  6 fungi
  11 plants
1450 creatures vanquished.

Vanquished Creatures (collateral kills)
  An orc priest (Orc:2)
1 creature vanquished.

Vanquished Creatures (others)
  A deep elf master archer (Elf:3)
  A deep elf knight (Elf:2)
  3 deep elf archers
  2 deep elf magi
  A black mamba (Lair:6)
  3 jumping spiders
  A slime creature (Swamp:4)
  A vampire (D:14)
  A human (D:13)
  An insubstantial wisp (Swamp:4)
  2 orc warriors (Orc:2)
  7 centaurs
  A white imp (D:15)
  A kobold (D:14)
  33 fungi
  4 plants
63 creatures vanquished.

Grand Total: 1514 creatures vanquished

Notes
Turn   | Place    | Note
-------+----------+-------------------------------------------
     0 | D:1      | Peloso the Minotaur Fighter began the quest for the Orb.
     0 | D:1      | Reached XP level 1. HP: 19/19 MP: 0/0
    82 | D:1      | Reached XP level 2. HP: 21/27 MP: 1/1
   455 | D:2      | Reached XP level 3. HP: 33/33 MP: 2/2
   728 | D:2      | Reached skill level 4 in Shields
   900 | D:2      | Reached XP level 4. HP: 39/41 MP: 3/3
  1194 | D:3      | Reached skill level 1 in Dodging
  1251 | D:3      | Noticed an orc warrior
  1688 | D:3      | HP: 2/41 [orc warrior/+0 trident (5)]
  2228 | D:3      | Reached XP level 5. HP: 47/47 MP: 4/4
  2575 | D:3      | Killed an orc warrior
  2575 | D:3      | Reached skill level 5 in Armour
  2575 | D:3      | Reached XP level 6. HP: 8/55 MP: 5/5
  2876 | D:3      | Found an ornate altar of the Wu Jian Council.
  2891 | D:3      | Found a glowing golden altar of the Shining One.
  2935 | D:3      | Found a snail-covered altar of Cheibriados.
  2947 | D:3      | Found a glowing silver altar of Zin.
  2966 | D:3      | Reached skill level 5 in Shields
  3417 | D:4      | Reached skill level 5 in Fighting
  3417 | D:4      | Reached skill level 5 in Long Blades
  3437 | D:4      | Reached XP level 7. HP: 58/61 MP: 6/6
  3629 | D:4      | Found a staircase to the Ecumenical Temple.
  3663 | Temple   | Entered the Ecumenical Temple
  3702 | Temple   | Became a worshipper of Warmaster Okawaru
  3882 | D:4      | Found a shimmering blue altar of Sif Muna.
  3882 | D:4      | Found a shadowy altar of Dithmenos.
  4118 | D:5      | Entered Level 5 of the Dungeon
  4158 | D:5      | Reached skill level 1 in Stealth
  4731 | D:5      | Found the +9 scales of the Dragon King {rPois rF+ rC+ MR+}
  4747 | D:5      | Reached skill level 6 in Shields
  5007 | D:5      | Noticed Pikel
  5037 | D:5      | Killed Pikel
  5037 | D:5      | Reached * piety under Okawaru
  5037 | D:5      | Reached XP level 8. HP: 51/70 MP: 7/7
  5362 | D:6      | Found Xiriosme's Antique Weapon Shoppe.
  5791 | D:6      | Found a stormy altar of Qazlal.
  5878 | D:6      | Found a basalt altar of Yredelemnul.
  5878 | D:6      | Found a blossoming altar of Fedhas.
  6019 | D:6      | Reached ** piety under Okawaru
  6071 | D:6      | Reached XP level 9. HP: 79/79 MP: 8/8
  6145 | D:6      | Reached skill level 7 in Shields
  7157 | D:7      | Reached *** piety under Okawaru
  7157 | D:7      | Reached skill level 8 in Shields
  7171 | D:7      | Reached skill level 10 in Long Blades
  7751 | D:8      | Noticed a troll
  7751 | D:8      | Noticed a two-headed ogre
  7767 | D:8      | Killed a two-headed ogre
  7767 | D:8      | Reached **** piety under Okawaru
  7767 | D:8      | Reached XP level 10. HP: 54/88 MP: 6/9
  7776 | D:8      | Reached skill level 9 in Shields
  7875 | D:8      | Found the +10 zealot's sword {holy, *Rage rN+ EV+3}
  8035 | D:8      | Found a sacrificial altar of Ru.
  8178 | D:8      | Found a sparkling altar of Nemelex Xobeh.
  8453 | D:9      | Noticed Grum
  8465 | D:9      | Killed Grum
  8488 | D:9      | Found a radiant altar of Vehumet.
  8845 | D:9      | Reached ***** piety under Okawaru
  9195 | D:10     | Entered Level 10 of the Dungeon
  9211 | D:10     | Found a staircase to the Orcish Mines.
  9213 | D:10     | Found Doadgh's Weapon Boutique.
  9217 | D:10     | Found Curezipt's Antique Weapon Boutique.
  9218 | D:10     | Found Cifer's Antique Weapon Emporium.
  9235 | D:10     | Bought a fine falchion for 256 gold pieces
  9237 | D:10     | Identified the +3 falchion of Ukuak {antimagic, rF+ rC+
                  | Str-2 Int+3} (You bought it in a shop on level 10 of the
                  | Dungeon)
  9251 | Orc:1    | Entered Level 1 of the Orcish Mines
  9326 | D:10     | Bought a crude scimitar for 288 gold pieces
  9327 | D:10     | Identified the +5 scimitar "Caleq" {drain, rElec Str-2
                  | Dex+6} (You bought it in a shop on level 10 of the Dungeon)
  9411 | D:10     | Noticed an orange crystal statue
  9472 | D:10     | Found Lovonosu's Antique Armour Emporium.
  9599 | D:10     | Found Tyskuin's Antique Armour Emporium.
  9652 | D:10     | Killed an unseen horror
  9652 | D:10     | Reached XP level 11. HP: 91/97 MP: 10/10
  9686 | D:10     | Reached skill level 10 in Shields
  9819 | D:11     | Noticed a soul eater
  9820 | D:11     | Received a gift from Okawaru
  9870 | D:11     | Noticed a soul eater
 10052 | D:11     | Found a glowing silver altar of Zin.
 10144 | D:11     | Identified a scroll of acquirement
 10167 | D:11     | Reached skill level 10 in Fighting
 10168 | D:11     | Noticed a soul eater
 10507 | D:11     | Reached skill level 11 in Shields
 10639 | D:11     | Found a staircase to the Lair.
 10982 | D:11     | Killed an unseen horror
 10982 | D:11     | Reached ****** piety under Okawaru
 11307 | Lair:1   | Entered Level 1 of the Lair of Beasts
 11621 | Lair:1   | Reached XP level 12. HP: 105/108 MP: 11/11
 11660 | Lair:1   | Reached skill level 12 in Shields
 11685 | Lair:1   | Noticed Fannar
 11707 | Lair:1   | Killed Fannar
 11707 | Lair:1   | Reached skill level 10 in Armour
 11730 | Lair:1   | Noticed Sonja
 11739 | Lair:1   | Killed Sonja
 11739 | Lair:1   | Received a gift from Okawaru
 11742 | Lair:1   | Got a pair of scorched boots {god gift}
 11748 | Lair:1   | Identified the -3 pair of boots of the Apprentice {rC++ MR-
                  | rCorr Stlth+} (Okawaru gifted it to you on level 1 of the
                  | Lair of Beasts)
 12428 | Lair:2   | Found a staircase to the Swamp.
 12435 | Lair:2   | Reached skill level 1 in Evocations
 13570 | Lair:3   | Reached skill level 13 in Shields
 14280 | Lair:4   | Noticed a catoblepas
 14280 | Lair:4   | Noticed a catoblepas
 14488 | Lair:3   | Killed a catoblepas
 14706 | Lair:4   | Killed a catoblepas
 14846 | Lair:4   | Received a gift from Okawaru
 14854 | Lair:4   | Reached XP level 13. HP: 118/118 MP: 12/12
 15680 | Lair:4   | Found a hole to the Spider Nest.
 16601 | Lair:5   | Reached skill level 15 in Long Blades
 16601 | Lair:5   | Reached skill level 14 in Shields
 17381 | Lair:6   | Entered Level 6 of the Lair of Beasts
 17592 | Lair:6   | Received a gift from Okawaru
 17624 | Lair:6   | Reached skill level 15 in Shields
 17756 | Lair:6   | Found a staircase to the Slime Pits.
 17756 | Lair:6   | Found a viscous altar of Jiyva.
 18206 | Lair:6   | Reached XP level 14. HP: 122/129 MP: 5/13
 18421 | Lair:6   | Reached skill level 1 in Invocations
 18496 | Lair:6   | Got a dazzling ring mail
 18507 | Lair:6   | Identified the +2 ring mail "Ponor" {MR+ Str+2 Int+4} (You
                  | found it on level 6 of the Lair of Beasts)
 18594 | Lair:6   | Reached skill level 16 in Shields
 18600 | Lair:6   | Received a gift from Okawaru
 18605 | Lair:6   | Got a slimy ring mail {god gift}
 18616 | Lair:6   | Identified the +0 ring mail of Masochism {rCorr Int+2}
                  | (Okawaru gifted it to you on level 6 of the Lair of Beasts)
 18638 | Lair:6   | Got a crystal scythe
 18644 | Lair:6   | Identified the cursed +0 scythe "Zadic" {slice, rElec
                  | Int+8} (You found it on level 6 of the Lair of Beasts)
 19695 | D:10     | Identified the ring "Popt" {Fire rPois Str+2 Int+2 Dex-3}
 19697 | D:10     | Identified the amulet of Wuethess {RegenMP +Fly Int-5
                  | Dex+4}
 19699 | D:10     | Identified the ring of the Enemy {rPois rCorr SInv}
 19758 | D:10     | Got a wavering amber ring
 19760 | D:10     | Identified the ring "Eggioles" {rN+ Str+2 SInv} (You found
                  | it on level 10 of the Dungeon)
 20030 | D:12     | Found a flagged portal.
 20083 | Bailey   | Entered a bailey
 20943 | D:12     | Found a bloodstained altar of Trog.
 20951 | D:12     | Got a dazzling flail
 20952 | D:12     | Identified the cursed +0 flail of Lies {protect, Str+4}
                  | (You found it on level 12 of the Dungeon)
 21350 | D:13     | Noticed a tengu reaver
 21350 | D:13     | Noticed a frost giant
 21365 | D:13     | Killed a tengu reaver
 21365 | D:13     | Reached skill level 17 in Shields
 21371 | D:13     | Killed a frost giant
 21382 | D:13     | Noticed a frost giant
 21389 | D:13     | Killed a frost giant
 21450 | D:13     | Noticed a fire giant
 21463 | D:13     | Killed a fire giant
 21463 | D:13     | Received a gift from Okawaru
 21469 | D:13     | Got an ancient double sword {god gift}
 21470 | D:13     | Identified the +3 double sword of Starshine {drain, rC+
                  | rN+} (Okawaru gifted it to you on level 13 of the Dungeon)
 21785 | D:13     | Reached XP level 15. HP: 120/139 MP: 13/15
 21801 | D:13     | Identified the ring "Eme Deo" {rPois MR+ Stlth-}
 21869 | D:13     | Noticed Kirke
 21872 | D:13     | Noticed a sphinx
 21873 | D:13     | Killed Kirke
 21924 | D:13     | Noticed Azrael
 21941 | D:13     | Killed Azrael
 23004 | D:13     | Got a transparent flail
 23005 | D:13     | Identified the +10 flail of Oproddoc {freeze, rC- Str+6}
                  | (You found it on level 13 of the Dungeon)
 23137 | D:14     | Received a gift from Okawaru
 23198 | D:14     | Found a gate to the Vaults.
 23408 | D:14     | Found a sacrificial altar of Ru.
 23508 | D:14     | Reached skill level 18 in Shields
 23513 | D:14     | Reached skill level 15 in Fighting
 24092 | D:15     | Entered Level 15 of the Dungeon
 24109 | D:15     | Received a gift from Okawaru
 24918 | D:15     | Reached skill level 19 in Shields
 25243 | D:15     | Reached XP level 16. HP: 149/149 MP: 16/16
 25245 | D:15     | Found a staircase to the Depths.
 25453 | D:15     | Received a gift from Okawaru
 26376 | Orc:2    | Entered Level 2 of the Orcish Mines
 26383 | Orc:2    | Noticed Maurice
 26406 | Orc:2    | Killed Maurice
 26503 | Orc:2    | Received a gift from Okawaru
 27368 | Orc:2    | Found Daewkidgh's General Store.
 27368 | Orc:2    | Found Foroisam's Book Emporium.
 27388 | Orc:2    | Found Teipestugg's Antique Armour Emporium.
 27388 | Orc:2    | Found Haerr's Antique Weapon Shoppe.
 27736 | Orc:2    | Found a runed translucent door.
 27736 | Orc:2    | Noticed Mame's ghost (journeyman GrEE)
 27743 | Orc:2    | Killed Mame's ghost
 27880 | Orc:2    | Found Xidow's Book Shop.
 27881 | Orc:2    | Found a staircase to the Elven Halls.
 29336 | D:10     | Got a steaming plate armour
 29504 | D:10     | Identified the +8 plate armour "Ferghiano" {rN+ Dex+3} (You
                  | found it on level 10 of the Dungeon)
 29958 | Swamp:1  | Entered Level 1 of the Swamp
 29965 | Swamp:1  | Reached skill level 20 in Shields
 30456 | Swamp:1  | Received a gift from Okawaru
 31349 | Swamp:2  | Received a gift from Okawaru
 31349 | Swamp:2  | Reached skill level 15 in Armour
 31421 | Swamp:2  | Got a translucent glaive
 31422 | Swamp:2  | Identified the +10 glaive of Gescheh {freeze, rF+} (You
                  | found it on level 2 of the Swamp)
 31747 | Spider:1 | Entered Level 1 of the Spider Nest
 31854 | Lair:4   | Reached skill level 21 in Shields
 32307 | Spider:1 | Found the +3 crown of Dyrovepreva {rElec Int+2 SInv}
 32421 | Lair:4   | Reached XP level 17. HP: 89/158 MP: 11/17
 34188 | Spider:2 | Found the +2 shield of Resistance {rF+ rC+ MR+}
 34536 | Elf:1    | Entered Level 1 of the Elven Halls
 34575 | Elf:1    | Found a radiant altar of Vehumet.
 34648 | Elf:1    | Received a gift from Okawaru
 34672 | Elf:1    | Reached skill level 22 in Shields
 34705 | Elf:1    | Noticed Aizul
 34728 | Orc:2    | HP: 8/160 [poisoned by Aizul (poison arrow)]
 34733 | Orc:2    | HP: 6/160 [poisoned by Aizul (poison arrow)]
 34738 | Orc:2    | HP: 6/160 [poisoned by Aizul (poison arrow)]
 34744 | Orc:2    | HP: 6/160 [poisoned by Aizul (poison arrow)]
 34751 | Orc:2    | HP: 7/160 [poisoned by Aizul (poison arrow)]
 35197 | Elf:1    | Killed Aizul
 35252 | Elf:1    | Identified the Incunabulum of Summoning
 35558 | Elf:1    | Noticed Nikola
 35577 | Elf:1    | Killed Nikola
 35956 | Elf:1    | Found an ancient bone altar of Kikubaaqudgha.
 35981 | Elf:1    | Found Enafruen's Antique Armour Boutique.
 35985 | Elf:1    | Bought a pitted plate armour for 728 gold pieces
 35995 | Elf:1    | Identified the +3 plate armour "Sejut" {rF+ MR+ Regen+}
                  | (You bought it in a shop on level 1 of the Elven Halls)
 36158 | Elf:2    | Found Ejyamn's Weapon Shop.
 36210 | Elf:2    | Got an ancient plate armour
 36221 | Elf:2    | Identified the +4 plate armour of Shielding {rCorr} (You
                  | found it on level 2 of the Elven Halls)
 36919 | Elf:2    | Found a runed translucent gate.
 36920 | Elf:2    | Found a runed translucent gate.
 36921 | Elf:2    | Found a runed translucent gate.
 37113 | Elf:2    | Received a gift from Okawaru
 37122 | Elf:2    | HP: 4/161 [+2 glaive of venom (23)]
 37693 | Elf:2    | Reached XP level 18. HP: 161/169 MP: 18/18
 38190 | Elf:3    | Entered Level 3 of the Elven Halls
 39487 | Elf:3    | Identified the cursed +0 great mace "Sueguwk" {crush, rC++}
 39487 | Elf:3    | Identified the +5 rapier "Colotrag" {freeze, SInv Stlth+}
 39493 | Elf:3    | Noticed an Ice Fiend
 39500 | Elf:3    | Identified the ring "Feaqylis" {rF+++ MR+++ MP+9 Dex-3
                  | Stlth+}
 39886 | Elf:3    | Received a gift from Okawaru
 39887 | Elf:3    | Identified the cursed +1 leather armour of the Mind {Str+2
                  | Stlth+}
 39892 | Elf:3    | Reached skill level 23 in Shields
 39902 | Elf:3    | Identified the cursed +0 scale mail "Beacli Deak" {rPois
                  | Dex+2}
 39911 | Elf:3    | Noticed a Brimstone Fiend
 40382 | Elf:3    | Noticed a Hell Sentinel
 41112 | Elf:3    | Identified the +1 scimitar of Doletiul {freeze, *Corrode
                  | Fragile rN+ Str+7}
 41298 | Elf:3    | Identified Spellweaving, Part Two
 41301 | Elf:3    | Identified the Disquisition on Creation and Transmigration
 42880 | Swamp:3  | Received a gift from Okawaru
 43253 | Swamp:2  | Reached XP level 19. HP: 121/177 MP: 19/19
 43496 | Swamp:3  | Got a dazzling plate armour {god gift}
 43542 | Swamp:3  | Identified the +7 plate armour of the Hurricane {Regen+
                  | rCorr SInv Stlth-} (Okawaru gifted it to you on level 3 of
                  | the Swamp)
 44139 | Swamp:4  | Entered Level 4 of the Swamp
 45361 | Swamp:4  | Reached skill level 24 in Shields
 46285 | Swamp:4  | Noticed a bone dragon
 46301 | Swamp:4  | Killed a bone dragon
 46310 | Swamp:4  | Got a decaying rune of Zot
 47169 | Spider:3 | Noticed Jorgrun
 47176 | Spider:3 | Killed Jorgrun
 47691 | Spider:4 | Entered Level 4 of the Spider Nest
 47998 | Spider:4 | Noticed Asterion
 48027 | Spider:4 | Killed Asterion
 48059 | Spider:4 | Received a gift from Okawaru
 48139 | Spider:4 | Blown up by an orb spider

Levels and vault maps discovered:
D:1:      dpeg_arrival_houses_and_road, layout_rooms
D:2:      layout_loops_cross
D:3:      minmay_chambers_of_twos, layout_basic,
          nicolae_overflow_quartered_altars, first_ration
D:4:      layout_basic, gammafunk_temple_overflow_elements,
          minmay_temple_entry_offerings, minmay_circle_x
D:5:      layout_basic, uniq_pikel
D:6:      layout_cave_pods, nicolae_qazlal_eye_of_the_storm,
          gammafunk_temple_overflow_pools, serial_shops, nicolae_shop_stone,
          st_stairs_3
D:7:      lemuel_slime, layout_rooms, corexii_hall_statues_x
D:8:      layout_loops_corners, nicolae_ru_the_path_less_chosen,
          nemelex_xobeh_ov_fountains_minmay
D:9:      layout_irregular_city, vehumet_statue, grunt_pizzeria, uniq_grum
D:10:     minmay_the_grid_triangle_9x9_rhombus_full
          [minmay_the_grid_triangle_9x9_semitri,
          minmay_the_grid_triangle_9x9_alien,
          minmay_the_grid_triangle_9x9_intruding_spiral,
          minmay_the_grid_triangle_9x9_swiss_cheese,
          minmay_the_grid_triangle_9x9_windchime,
          minmay_the_grid_triangle_9x9_sparse_checkered,
          minmay_the_grid_triangle_9x9_longest,
          minmay_the_grid_triangle_9x9_prize_special], layout_rooms,
          orc_0_dummy, serial_shops, nicolae_shop_statue_plus,
          nicolae_shop_trees, shop, shop, shop, minmay_protected_statue
D:11:     wad_arrow_thing, layout_irregular_city, due_lair_maze_entry_diamond,
          basic_altar, chequers_avenue
D:12:     layout_loops_ring, basic_altar, enter_bailey_6
D:13:     minmay_octo_star, layout_irregular_city, serial_bayou_pond_d,
          uniq_kirke, uniq_azrael
D:14:     layout_small_grid, ximxim_vaults_locker_room, basic_altar,
          minmay_misc_feat_more_columns, grunt_decor_one_mirror
D:15:     gammafunk_enter_depths_forms, layout_stronghold, serial_ice,
          serial_ice_e, serial_ice_m, serial_ice_d, serial_ice_i, serial_ice_g,
          serial_ice_b, serial_ice_a, serial_ice_n, serial_ice_h, serial_ice_f
Temple:   eino_wide_crystal_templ
Lair:1:   layout_loops_ring, serial_bayou_lake_a, uniq_sonja, uniq_fannar
Lair:2:   layout_long_grid, skrybe_swamp_entry_bodies, serial_forest,
          infiniplex_forest_end_1, infiniplex_forest_clump_diagonal,
          infiniplex_forest_join, infiniplex_forest_straight_1,
          infiniplex_forest_clump_large, infiniplex_forest_3_way,
          infiniplex_forest_end_2
Lair:3:   statuecave_lemuel, layout_gridlike, lemuel_fruit_tree,
          grunt_megastairs_2, infiniplex_staircase_pool_2,
          minmay_lair_oklob_chamber
Lair:4:   nzn_motion_control, layout_cave_pods,
          nicolae_spider_entry_tight_spaces, nicolae_lair_yak_garden
Lair:5:   layout_roguey
Lair:6:   hangedman_lair_in_review, layout_hall_layers, slime_altar_1,
          minmay_lair_oklob_bushes, grunt_megastairs_4
Swamp:1:  layout_basic_swamp, hangedman_swamp_blocks, infiniplex_staircase_pool
Swamp:2:  layout_basic_swamp, evilmike_swamp_ruin_rubble_1, swamp_pool1,
          hangedman_swamp_dais
Swamp:3:  layout_basic_swamp, hangedman_swamp_diagram, swamp_pool2
Swamp:4:  swamp_pestilence, layout_basic_swamp, swamp_pool2
Spider:1: layout_spider_delve
Spider:2: layout_spider_delve
Spider:3: layout_spider_delve, uniq_jorgrun
Spider:4: grunt_spider_rune_parallel, ebering_ghost_xom, uniq_asterion
Orc:1:    layout_diamond_mine
Orc:2:    st_orc_congregation, layout_diamond_mine, ebering_ghost_inner_flame,
          serial_shops, shop, uniq_maurice
Elf:1:    eino_elf_arrival_altar, layout_loops_corners, serial_shops, shop,
          basic_altar, minmay_elf_demonology, uniq_nikola, uniq_aizul
Elf:2:    layout_onion_city, serial_shops,
          nicolae_shop_temple_entry_statues_fountains, fountainhead,
          st_stairs_10
Elf:3:    grunt_elf_hall_branching, layout_geoelf_grid,
          serial_sigils_hangedman_carve

Skill      XL: |  1  2  3  4  5  6  7  8  9 10 11 12 13 14 15 16 17 18 19 |
---------------+----------------------------------------------------------+-----
Long Blades    | 3 4 5 7 8 10 12 14 15 16 17 18 19 | 19.5
Fighting       | 4 5 6 7 8 9 10 12 13 14 15 16 17 18 19 | 19.0
Armour         | 4 5 6 7 8 9 11 12 13 14 15 16 17 | 17.6
Shields        | 4 5 6 8 9 11 13 15 17 19 21 22 23 24 | 24.7
Dodging        | 1 2 3 |  3.1
Stealth        | 1 2 |  2.9
Evocations     | 1 |  1.1
Invocations    | 1 2 |  2.0

Action                   |  1- 3 |  4- 6 |  7- 9 | 10-12 | 13-15 | 16-18 | 19-21 || total
-------------------------+-------+-------+-------+-------+-------+-------+-------++-------
Melee: Long sword        |    82 |   142 |   431 |    13 |       |       |       ||   668
       Headbutt          |    12 |    17 |    90 |   173 |   396 |   479 |   210 ||  1377
       Eudemon blade     |       |       |       |   116 |       |   331 |       ||   447
       Scimitar          |       |       |       |   579 |   119 |   639 |       ||  1337
       Demon blade       |       |       |       |       |   700 |       |       ||   700
       Double sword      |       |       |       |       |   504 |   753 |   642 ||  1899
Invok: Heroism           |       |       |     3 |     1 |     7 |     1 |     3 ||    15
       Finesse           |       |       |       |       |     1 |       |       ||     1
Evoke: Wand              |       |     4 |     2 |     1 |       |     1 |       ||     8
  Use: Potion            |     1 |     6 |     2 |     4 |     3 |     4 |     2 ||    22
       Scroll            |       |       |     1 |    15 |     8 |    14 |     6 ||    44
 Stab: Paralysed         |       |       |       |     2 |       |       |       ||     2
       Petrifying        |       |       |       |       |     1 |       |       ||     1
       Petrified         |       |       |       |       |     4 |       |       ||     4
       Distracted        |       |       |       |       |     1 |     1 |       ||     2
       Confused          |       |       |       |       |     1 |       |     1 ||     2
  Eat: Chunk             |       |     8 |     8 |    22 |    31 |    33 |     8 ||   110
       Ration            |       |       |     2 |     1 |     1 |     8 |     2 ||    14
Armor: Scale mail        |    13 |       |       |       |       |       |       ||    13
       Chain mail        |    62 |    80 |   151 |       |       |       |       ||   293
       Gold dragon scale |       |       |    20 |   395 |   817 |   808 |   552 ||  2592
Dodge: Dodged            |    38 |    39 |    90 |    78 |   306 |   346 |   203 ||  1100
Block: Shield            |    68 |    89 |   217 |   422 |  1174 |   797 |   909 ||  3676
       Reflection        |       |       |       |    10 |    78 |   122 |    18 ||   228
       Large shield      |       |       |       |       |   278 |  1454 |       ||  1732
       Rpst.: Long sword |     7 |    11 |    21 |     1 |       |       |       ||    40
       Eudemon blade     |       |       |       |    13 |       |    20 |       ||    33
       Scimitar          |       |       |       |    14 |     7 |    21 |       ||    42
       Demon blade       |       |       |       |       |    32 |       |       ||    32
       Double sword      |       |       |       |       |    34 |    27 |    39 ||   100

Table legend:
 A = Non-vault XP
 B = Vault XP
 C = Vault XP percentage of total XP
 D = Non-vault monster count
 E = Vault monster count
 F = Vault count percentage of total count
                 A         B        C        D         E       F
            +---------+---------+-------+---------+---------+-------
      Total |  258709 |  199836 |  43.6 |     991 |     458 |  31.6
            +---------+---------+-------+---------+---------+-------
        D:1 |      26 |       0 |   0.0 |      14 |       0 |   0.0
        D:2 |     128 |       0 |   0.0 |      27 |       0 |   0.0
        D:3 |     320 |      18 |   5.3 |      25 |       8 |  24.2
        D:4 |     307 |     132 |  30.1 |       8 |       3 |  27.3
        D:5 |     366 |     663 |  64.4 |      16 |       1 |   5.9
        D:6 |    1500 |     132 |   8.1 |      36 |       2 |   5.3
        D:7 |     684 |     547 |  44.4 |      23 |      21 |  47.7
        D:8 |    2100 |       0 |   0.0 |      19 |       0 |   0.0
        D:9 |    1449 |     903 |  38.4 |      28 |       7 |  20.0
       D:10 |    2901 |    3078 |  51.5 |      16 |      24 |  60.0
       D:11 |    3987 |    4001 |  50.1 |      40 |      20 |  33.3
       D:12 |    5723 |       0 |   0.0 |      37 |       0 |   0.0
       D:13 |    6893 |   16035 |  69.9 |      36 |      24 |  40.0
       D:14 |   14537 |    4188 |  22.4 |      49 |      13 |  21.0
       D:15 |   18499 |    9333 |  33.5 |      51 |      37 |  42.0
     Lair:1 |    1336 |    1886 |  58.5 |      10 |       2 |  16.7
     Lair:2 |    4271 |     274 |   6.0 |      21 |       1 |   4.5
     Lair:3 |    2097 |    4834 |  69.7 |      10 |       9 |  47.4
     Lair:4 |    6859 |    5243 |  43.3 |      20 |      14 |  41.2
     Lair:5 |    8389 |       0 |   0.0 |      23 |       0 |   0.0
     Lair:6 |   14729 |   12297 |  45.5 |      50 |      24 |  32.4
    Swamp:1 |   12034 |       0 |   0.0 |      33 |       0 |   0.0
    Swamp:2 |   14821 |    6747 |  31.3 |      36 |       8 |  18.2
    Swamp:3 |   20857 |       0 |   0.0 |      56 |       0 |   0.0
    Swamp:4 |    8363 |   15969 |  65.6 |      22 |      46 |  67.6
   Spider:1 |   19216 |       0 |   0.0 |      53 |       0 |   0.0
   Spider:2 |    9837 |       0 |   0.0 |      28 |       0 |   0.0
   Spider:3 |   13499 |    3150 |  18.9 |      39 |       1 |   2.5
   Spider:4 |   11202 |   10985 |  49.5 |      29 |      23 |  44.2
      Orc:1 |    1144 |    3830 |  77.0 |      22 |       7 |  24.1
      Orc:2 |    3986 |    8023 |  66.8 |      32 |      51 |  61.4
      Elf:1 |   14946 |   13943 |  48.3 |      26 |      16 |  38.1
      Elf:2 |   18783 |   34790 |  64.9 |      32 |      41 |  56.2
      Elf:3 |   12920 |   37597 |  74.4 |      24 |      25 |  51.0
     Bailey |       0 |    1238 | 100.0 |       0 |      30 | 100.0
            +---------+---------+-------+---------+---------+-------
